 Dungeon Crawl Stone Soup version 0.28.0-43-g3370ac3207 (webtiles) character file.

Game seed: 6190779746019626635

629 terff the Cudgeller (level 7, -5/54 HPs)
             Began as a Human Fighter on Mar 30, 2022.
             Killed from afar by Dowan (10 damage)
             ... with a shard of ice
             ... on level 4 of the Dungeon.
             The game lasted 00:08:29 (4648 turns).

terff the Cudgeller (Human Fighter)                 Turns: 4648, Time: 00:08:30

Health: -5/54      AC: 12    Str: 16    XL:     7   Next: 77%
Magic:  0/7        EV:  4    Int:  8    God:
Gold:   147        SH:  6    Dex: 15    Spells: 6/6 levels left

rFire   . . .      SeeInvis .   n - +5 mace
rCold   . . .      Faith    .   c - +1 buckler
rNeg    . . .      Spirit   +   l - +0 plate armour
rPois   .          Reflect  .   (no helmet)
rElec   .          Harm     .   (no cloak)
rCorr   .          Rampage  .   (no gloves)
Will    .....                   (no boots)
Stlth   ..........              p - amulet of guardian spirit
HPRegen 0.18/turn               (no ring)
MPRegen 0.10/turn               (no ring)

@: lethally poisoned (-5 -> -28)
A: no striking features
a: no special abilities


You were on level 4 of the Dungeon.
You visited 1 branch of the dungeon, and saw 4 of its levels.

You collected 215 gold pieces.
You spent 68 gold pieces at shops.

Inventory:

Hand Weapons
 a - a +1 flail
 i - a +1 flail of protection
 n - a +5 mace (weapon)
Missiles
 s - a throwing net (quivered)
Armour
 c - a +1 buckler (worn)
 g - a +0 chain mail
 k - a +0 ring mail of cold resistance
 l - a +0 plate armour (worn)
Jewellery
 p - an amulet of guardian spirit (around neck)
 r - a ring of resist corrosion
Scrolls
 o - a scroll of identify
 q - a scroll of holy word
 t - a scroll of teleportation
Potions
 b - a potion of attraction
 d - 2 potions of might
 e - a potion of mutation
 f - a potion of curing {unknown}
 h - a potion of berserk rage {unknown}
 j - a potion of heal wounds {unknown}
 m - a potion of brilliance {unknown}


   Skills:
 + Level 4.3 Fighting
 + Level 5.8 Maces & Flails
 + Level 4.7 Armour
 + Level 0.2 Dodging
 + Level 0.3 Stealth
 + Level 3.9 Shields


You had 6 spell levels left.
You didn't know any spells.
Your spell library contained the following spells:

 Spells                   Type           Power      Damage    Failure   Level
 Ensorcelled Hibernation  Hex/Ice        0%         N/A       100%        2
 Passwall                 Tmut/Erth      0%         N/A       100%        2
 Swiftness                Air            0%         N/A       100%        3


Dungeon Overview and Level Annotations

Branches:
Dungeon (4/15)
 Temple: D:4-7

Altars:
Hepliaklqana
Nemelex Xobeh
Qazlal
Ru
Yredelemnul

Shops:
D:2 ((*(

Annotations:
D:4 Dowan


Message History

You hit the worm.
The worm is severely wounded.
The worm barely misses you.
You barely miss the worm.
The worm is severely wounded.
Dowan casts a spell.
Dowan blinks!
You hit the worm but do no damage.
The worm is severely wounded.
The worm bites you.
You hit the worm.
The worm is almost dead.
You sock the worm!
You kill the worm!
You sock Dowan!
Dowan is moderately wounded.
Dowan hits you but does no damage.
You are poisoned.
Dowan barely misses you.
You closely miss Dowan.
Dowan is moderately wounded.
You feel very sick.
Dowan hits you with a +1 dagger of venom.
Dowan points at you and mumbles some strange words.
The shard of ice hits you!
* * * LOW HITPOINT WARNING * * *
You hit Dowan.
Dowan is heavily wounded.
You feel sick. Dowan hits you but does no damage.
You are lethally poisoned!
You closely miss Dowan.
Dowan is heavily wounded.
* * * LOW HITPOINT WARNING * * *
You feel very sick.
Dowan shakes with grief.
Dowan hits you but does no damage.
You are more poisoned.
Dowan gestures at you while chanting. The shard of ice hits you!
You die...

.#.#.###.#..##.###.#
##.......#.........#
####...........#####
########.#### #.#
#.# #.# #.#########
#.#..e@...#
#.#.#####.# ##.#.#
.# #....# ..
..................
######....#####....
##.#.# .#... #.#..
.##... #.####


You could see Dowan (fast).

Vanquished Creatures
  Duvessa (D:4)
  A centaur (D:4)
  A phantom (D:4)
  A scorpion (D:4)
  3 wights (D:4)
  Jessica (D:2)
  Terence (D:2)
  2 orc wizards (D:4)
  3 adders
  A worm (D:4)
  3 dart slugs
  2 orcs (D:4)
  7 bats
  5 endoplasms
  A giant cockroach (D:3)
  4 hobgoblins
  4 jackals
  A quokka (D:2)
  8 ball pythons
  3 frilled lizards
  4 goblins
  6 kobolds
  6 rats
69 creatures vanquished.

Vanquished Creatures (others)
  7 plants (D:3)
7 creatures vanquished.

Grand Total: 76 creatures vanquished

Notes
Turn   | Place    | Note
-------+----------+-------------------------------------------
     0 | D:1      | terff the Human Fighter began the quest for the Orb.
     0 | D:1      | Reached XP level 1. HP: 18/18 MP: 1/1
   542 | D:1      | Reached XP level 2. HP: 15/24 MP: 2/2
  1335 | D:2      | Reached XP level 3. HP: 24/29 MP: 3/3
  1411 | D:2      | Found a sacrificial altar of Ru.
  1505 | D:2      | Found Kupu's Weapon Emporium.
  1506 | D:2      | Found Qyeviroiq's Weapon Shop.
  1509 | D:2      | Found Fiocigg's Assorted Antiques.
  1526 | D:2      | Bought a +0 flail of protection for 68 gold pieces
  1538 | D:2      | Noticed Terence
  1554 | D:2      | Killed Terence
  1555 | D:2      | Reached skill level 3 in Maces & Flails
  1555 | D:2      | Reached XP level 4. HP: 34/35 MP: 4/4
  1628 | D:2      | Noticed Jessica
  1639 | D:2      | Killed Jessica
  1767 | D:2      | Found Cunis's Antique Weapon Shoppe.
  2173 | D:3      | Found a sparkling altar of Nemelex Xobeh.
  2236 | D:3      | Found a stormy altar of Qazlal.
  2238 | D:3      | Noticed a fire elemental
  2239 | D:3      | Noticed an earth elemental
  2239 | D:3      | Noticed an air elemental
  2239 | D:3      | Noticed a water elemental
  2322 | D:3      | Reached XP level 5. HP: 41/41 MP: 5/5
  2484 | D:3      | Found a hazy altar of Hepliaklqana.
  3002 | D:4      | Noticed Duvessa
  3002 | D:4      | Noticed Dowan
  3095 | D:4      | Noticed a centaur
  3124 | D:4      | Killed a centaur
  3125 | D:4      | Reached skill level 4 in Maces & Flails
  3125 | D:4      | Reached XP level 6. HP: 18/47 MP: 3/6
  3768 | D:4      | Killed Duvessa
  3769 | D:4      | Reached skill level 5 in Maces & Flails
  3769 | D:4      | Reached XP level 7. HP: 41/53 MP: 5/7
  4327 | D:4      | Found a basalt altar of Yredelemnul.
  4648 | D:4      | Killed from afar by Dowan

Illustrated notes

Levels and vault maps discovered:
D:1:      lemuel_arrival_behind_the_door_small, layout_basic,
          serial_co_window_serial, co_window_corner_a,
          co_window_of_opportunity_a, co_window_paths_a, co_window_corner_a,
          co_window_paths_a, co_window_of_opportunity_a, co_window_paths_a,
          co_window_corner_a, co_window_cross_1, co_window_corner_b,
          co_window_corner_b, co_window_broadway_b, co_window_corner_cb,
          co_window_4corner_b, glass_columns_a, glass_columns_b,
          glass_columns_a, glass_columns_b
D:2:      layout_basic, serial_shops, shop, shop, shop, nicolae_square_shop,
          hangedman_glass_teeth, minmay_hexomino_r4, uniq_jessica, uniq_terence
D:3:      layout_basic, mainiacjoe_overflow_cross_hatched,
          nicolae_qazlal_style_of_elements, nzn_hepliaklqana_mist_gate,
          serial_bayou_lake_a
D:4:      kennysheep_six_static_rooms, layout_loops_corners,
          mainiacjoe_overflow_boulevard, uniq_duvessa

Skill      XL: |  1  2  3  4  5  6  7 |
---------------+----------------------+-----
Maces & Flails | 3 4 5 |  5.8
Armour         | 4 |  4.7
Fighting       | 4 |  4.3
Dodging        | |  0.2
Stealth        | |  0.3
Shields        | |  3.9

Action                   |  1- 3 |  4- 6 |  7- 9 || total
-------------------------+-------+-------+-------++-------
Melee: Flail             |    71 |   144 |    26 ||   241
       Mace              |       |       |    31 ||    31
  Use: Scroll            |     7 |     4 |     1 ||    12
Armor: Chain mail        |    44 |    15 |       ||    59
       Scale mail        |     1 |       |       ||     1
       Plate armour      |       |   145 |    36 ||   181
Dodge: Dodged            |    22 |    46 |    11 ||    79
Block: Buckler           |    15 |    47 |    12 ||    74
